 Dungeon Crawl Stone Soup version 0.31-a0-459-gc8a9bf3d51 (webtiles) character file.

Game seed: 6953043891009774046

157 Ethylacetat the Trooper (level 5, -14/29 HPs)
             Began as a Vine Stalker Monk on Aug 4, 2023.
             Was a Follower of Ru.
             Demolished by an ogre
             ... wielding a +0 giant club
              (26 damage)
             ... on level 4 of the Dungeon.
             The game lasted 00:05:24 (2399 turns).

Ethylacetat the Trooper (Vine Stalker Monk)         Turns: 2399, Time: 00:05:25

Health: -14/29     AC:  3    Str: 14    XL:     5   Next: 38%
Magic:  0/9        EV: 13    Int: 10    God:    Ru [*.....]
Gold:   146        SH:  0    Dex: 18    Spells: 9/9 levels left

rFire   . . .        d - +1 dagger (venom)
rCold   . . .        m - orb {*Rage}
rNeg    . . .        a - +0 robe
rPois   .            (no helmet)
rElec   .            r - +0 cloak
rCorr   .            (no gloves)
SInv    .            (no boots)
Will    .....        (no amulet)
Stlth   ++           (no ring)
HPRegen 1.04/turn    (no ring)
MPRegen 0.11/turn

%: random rage (20%), guardian spirit
@: no status effects
A: fangs 2, regeneration 1, magic shield, antimagic bite, no potion heal 2, no
conjurations magic, no earth magic, no hexes magic
a: Renounce Religion


You were on level 4 of the Dungeon.
You worshipped Ru.
Ru was aware of your devotion.
You visited 1 branch of the dungeon, and saw 4 of its levels.

You collected 146 gold pieces.

Inventory:

Hand Weapons
 d - a +1 dagger of venom (weapon)
Armour
 a - a +0 robe (worn)
 c - an orb of light
 m - an orb of wrath (worn)
 r - a +0 cloak (worn)
Wands
 p - a wand of polymorph (6)
Scrolls
 e - 4 scrolls of identify {unknown}
 g - a scroll of torment {unknown}
 h - a scroll of poison {unknown}
 i - a scroll of fog {unknown}
 k - a scroll of immolation {unknown}
 n - a scroll of vulnerability {unknown}
 o - a scroll of blinking {unknown}
 q - a scroll of acquirement {unknown}
Potions
 b - a potion of ambrosia
 f - 2 potions of lignification {unknown}
 j - a potion of resistance {unknown}
 l - a potion of heal wounds {unknown}
 s - a potion of enlightenment {unknown}


   Skills:
 + Level 3.7 Fighting
 + Level 1.9 Short Blades
 - Level 2.4 Dodging
 - Level 3.5 Unarmed Combat
 + Level 2.5 Spellcasting


You had 9 spell levels left.
You didn't know any spells.
Your spell library contained the following spells:

 Spells                   Type           Power      Damage    Failure   Level
 Lesser Beckoning         Tloc           2%         N/A       41%         2
 Gell's Gravitas          Tloc           1%         N/A       65%         3
 Ozocubu's Armour         Ice            1%         N/A       65%         3
 Swiftness                Air            1%         N/A       65%         3
 Teleport Other           Tloc           1%         N/A       65%         3
 Airstrike                Air            0%         2d(1-17)  96%         4
 Summon Lightning Spire   Summ/Air       1%         N/A       96%         4
 Simulacrum               Ice/Necr       0%         N/A       100%        6
 Shock                    Conj/Air       Unusable   1d3       N/A         1
 Static Discharge         Conj/Air       Unusable   2-3/arc   N/A         2
 Metabolic Englaciation   Hex/Ice        Unusable   N/A       N/A         5

Dungeon Overview and Level Annotations

Branches:
Dungeon (4/15)
 Temple: D:4-7

Altars:
Ru

Shops:
D:1 (   D:3 (


Innate Abilities, Weirdness & Mutations

You have extremely sharp teeth.
Your natural rate of healing is unusually fast.
When hurt, damage is shared between your health and your magic reserves.
Your bite disrupts and absorbs the magic of your enemies.
Potions cannot restore your health.
You cannot study or cast Conjurations magic.
You cannot study or cast Earth magic.
You cannot study or cast Hexes magic.


Message History

Things that are here:
a +0 club; an orc corpse
Items here: )))) [[ ††.
Things that are here:
a +0 dagger; a kobold corpse You recover from your berserk rage.
s - a brown potion
Found 3 stones.
A quokka comes into view.
Found a pair of boots.
The helpless quokka fails to defend itself.
You puncture the quokka!
You kill the quokka!
No target in view!
No target in view! 3 orcs come into view.
Found 4 large rocks.
The orc shouts! x3; You hear a shout!
You hit the orc.
The orc is poisoned.
Your bite misses the orc.
The orc is moderately wounded.
An ogre comes into view. It is wielding a +0 giant club.
You hit the orc.
The orc is poisoned.
The orc is moderately wounded.
You hit the orc but do no damage. You bite the orc, but do no damage.
The orc is moderately wounded.
You hit the orc but do no damage.
The orc looks as sick as possible!
The orc is severely wounded.
You kill the orc! x2
You barely miss the ogre. You bite the ogre, but do no damage.
The ogre hits you with a +0 giant club!!
Ouch! That really hurt!
You are too injured to fight recklessly!
You are too injured to fight recklessly!
You hit the ogre.
The ogre is poisoned.
The ogre is lightly wounded.
You redirect the orc's attack!
The orc barely misses itself.
The ogre hits you with a +0 giant club!!
Ouch! That really hurt!
You die...

#.# #.# . #.# .. ##.#
##### ... .#.###+#.[..
.. .#.......#
########.#
(..†.....###........#.#
.............###@O....#
...####......# #o######
...# #......# #)# ..##
##.#...###.# .##
#.....+.#.# .....
###...#.#.# .....
##..#.#.# ......
#....#.( ...... ######


You could see an ogre (very poisoned) and an orc (distracted).

Vanquished Creatures
  3 gnolls (D:3)
  3 adders
  4 worms (D:2)
  3 dart slugs
  12 orcs
  3 bats (D:1)
  7 endoplasms
  2 giant cockroaches
  2 hobgoblins
  4 jackals (D:2)
  7 kobolds
  2 quokkas
  2 ball pythons
  4 frilled lizards
  9 goblins
  3 rats
70 creatures vanquished.

Notes
Turn   | Place    | Note
-------+----------+-------------------------------------------
     0 | D:1      | Ethylacetat the Vine Stalker Monk began the quest for the
                  | Orb.
     0 | D:1      | Reached XP level 1. HP: 11/11 MP: 2/2
   136 | D:1      | Reached XP level 2. HP: 16/16 MP: 3/3
   545 | D:1      | Reached skill level 1 in Spellcasting
   549 | D:1      | Found Puraninn's Antique Weapon Boutique.
   677 | D:2      | Reached XP level 3. HP: 13/20 MP: 3/5
  1396 | D:2      | Reached skill level 1 in Short Blades
  1396 | D:2      | Gained mutation: Your natural rate of healing is unusually
                  | fast. [Vine Stalker growth]
  1396 | D:2      | Reached XP level 4. HP: 24/24 MP: 7/7
  1728 | D:3      | Found Samuung's Antique Weapon Shoppe.
  1752 | D:3      | Found a faded altar of an unknown god.
  1761 | D:3      | Prayed at the altar of an unknown god.
  1761 | D:3      | Became a worshipper of Ru the Awakened
  1796 | D:3      | Gained mutation: You cannot study or cast Earth magic. [Ru
                  | sacrifice]
  1796 | D:3      | Gained mutation: You cannot study or cast Hexes magic. [Ru
                  | sacrifice]
  1796 | D:3      | Gained mutation: You cannot study or cast Conjurations
                  | magic. [Ru sacrifice]
  1796 | D:3      | Reached * piety under Ru
  1847 | D:3      | Reached XP level 5. HP: 28/28 MP: 9/9
  2394 | D:4      | Noticed an ogre
  2399 | D:4      | Demolished by an ogre

Illustrated notes

Levels and vault maps discovered:
D:1:      lemuel_arrival_river_ford, layout_loops_ring, serial_shops, shop
D:2:      layout_basic
D:3:      layout_loops_ring, basic_ecumenical_altar, serial_shops, shop
D:4:      layout_basic, chequers_temple_overflow_minitemple

Skill      XL: |  1  2  3  4 |
---------------+-------------+-----
Spellcasting   | 1 2 |  2.5
Fighting       | 3 |  3.7
Short Blades   | 1 |  1.9
Dodging        | |  2.4
Unarmed Combat | |  3.5

Action                     |  1- 3 |  4- 6 || total
---------------------------+-------+-------++-------
  Melee: Unarmed           |    41 |       ||    41
         Bite              |    29 |    25 ||    54
         Dagger            |    56 |    71 ||   127
 Invoke: Sacrifice Arcana  |       |     1 ||     1
    Use: Potion            |     1 |       ||     1
   Stab: Sleeping          |       |     4 ||     4
 Armour: Robe              |    15 |     4 ||    19
  Dodge: Dodged            |    41 |    42 ||    83

Table legend: (Time is in decaauts)
 A = Elapsed time spent in this place.
 B = Non-inter-level travel time spent in this place.
 C = Inter-level travel time spent in this place.
 D = Time resting spent in this place.
 E = Time spent auto-exploring this place.
 F = Levels seen in this place.
 G = Mean time per level.
                   A        B        C        D        E       F      G
               +--------+--------+--------+--------+--------+-----+--------+
         Total |   2469 |   2372 |     97 |    114 |   1810 |   4 |  617.2 |
       Dungeon |   2469 |   2372 |     97 |    114 |   1810 |   4 |  617.2 |
               +--------+--------+--------+--------+--------+-----+--------+

Top non-repeatable levels by time:
     D:2: 1010 daAuts
     D:3: 687 daAuts
     D:1: 647 daAuts
     D:4: 124 daAuts
